 Dungeon Crawl Stone Soup version 0.24.0-13-gcf9b319 (webtiles) character file.

Game seed: 7886864021581529471, levelgen mode: deterministic

252 Fang the Skirmisher (level 6, -1/39 HPs)
             Began as a Gargoyle Fighter on Dec 17, 2019.
             Slain by a quasit (2 damage)
             ... on level 5 of the Dungeon.
             The game lasted 00:05:26 (2842 turns).

Fang the Skirmisher (Gargoyle Fighter)              Turns: 2842, Time: 00:05:26

Health: -1/39      AC: 10    Str: 26      XL:     6   Next: 13%
Magic:  6/6        EV:  6    Int:  9      God:
Gold:   209        SH: 10    Dex:  7 (9)  Spells: 5/5 levels left

rFire    . . .     SeeInvis .   a - +0 war axe
rCold    . . .     Gourm    .   B - +0 shield
rNeg     + . .     Faith    .   b - +0 chain mail
rPois    ∞         Spirit   .   (no helmet)
rElec    +         Reflect  .   (no cloak)
rCorr    .         Harm     .   (no gloves)
MR       .....                  (no boots)
Stlth    ..........             (no amulet)
HPRegen  0.13/turn              (no ring)
MPRegen  0.10/turn              (no ring)

@: mighty, corroded
A: negative energy resistance 1, electricity resistance, unbreathing,
petrification resistance, rot immunity, AC +4
a: no special abilities


You were on level 5 of the Dungeon.
You were not hungry.

You visited 1 branch of the dungeon, and saw 5 of its levels.

You collected 209 gold pieces.

Inventory:

Hand Weapons
 a - a +0 war axe (weapon)
Armour
 b - a +0 chain mail (worn)
 B - a +0 shield (worn)
Scrolls
 e - 2 scrolls of remove curse
 k - a scroll of fear
Potions
 f - 3 potions of heal wounds
 g - a potion of invisibility
 j - a potion of haste
 l - a potion of curing
 n - a potion of ambrosia
Comestibles
 c - 6 rations
 o - a chunk of flesh


   Skills:
 + Level 4.6 Fighting
 + Level 3.1 Axes
 + Level 4.6 Armour
 + Level 4.6 Shields


You had 5 spell levels left.
You didn't know any spells.
Your spell library contained the following spells:

 Spells                   Type           Power        Failure   Level  Hunger
 Magic Dart               Conj           #...         100%        1    ##.....
 Blink                    Tloc           N/A          100%        2    ###....
 Call Imp                 Summ           #.......     100%        2    ###....
 Slow                     Hex            #.......     100%        2    ###....
 Conjure Flame            Conj/Fire      #.......     100%        3    ####...
 Mephitic Cloud           Conj/Pois/Air  #.......     100%        3    ####...


Dungeon Overview and Level Annotations

Branches:
Dungeon (5/15)
 Temple: D:4-7

Altars:
Gozag
Makhleb
Trog
Uskayaw

Annotations:
D:4 3 runed translucent doors, SuperHippies's ghost, amateur HaSk


Innate Abilities, Weirdness & Mutations

You are resistant to torment.
Your stone body is resilient. (AC +4)
You are immune to poison.
You resist negative energy. (rN+)
You are resistant to electric shocks. (rElec)
You can survive without breathing.
You are immune to petrification.
You are immune to rotting.


Message History

The adder bites you but does no damage.
The quasit bites you but does no damage.
The quasit claws you but does no damage. x2
The ice beast hits you but does no damage.
The adder bites you but does no damage. The quasit bites you.
* * * LOW HITPOINT WARNING * * *
The quasit barely misses you. You block the quasit's attack.
You slice the ice beast!!
The ice beast is severely wounded.
You miss the quasit. You slash the adder!
You kill the adder!
You block the ice beast's attack.
The quasit bites you but does no damage.
The quasit claws you but does no damage.
The quasit claws you.
* * * LOW HITPOINT WARNING * * *
You feel clumsy.
The ice beast hits you but does no damage.
The quasit bites you.
You die...

##. .. ..##.
.... ... J.
#. ##.#######
#.55@.)..#
#..Y.....#
#........#
#........#
..........#
............#
........(...#
.(..........#
....?!?.....#


You could see an ice beast, a quasit and a crimson imp.

Vanquished Creatures
  A water moccasin skeleton (D:4)
  A jelly (D:5)
  An iguana (D:5)
  A gnoll (D:1)
  A howler monkey skeleton (D:5)
  4 adders
  An ooze (D:3)
  2 worms
  2 dart slugs (D:1)
  3 leopard geckos
  9 orcs
  8 bats
  4 giant cockroaches
  7 goblins
  7 hobgoblins
  3 jackals (D:2)
  A ball python (D:5)
  6 frilled lizards
  A jackal skeleton (D:5)
  6 kobolds
  A leopard gecko skeleton (D:5)
  5 rats
75 creatures vanquished.

Notes
Turn   | Place    | Note
-------+----------+-------------------------------------------
     0 | D:1      | Fang the Gargoyle Fighter began the quest for the Orb.
     0 | D:1      | Reached XP level 1. HP: 14/14 MP: 1/1
   169 | D:1      | Reached XP level 2. HP: 16/19 MP: 2/2
   225 | D:1      | Reached XP level 3. HP: 9/24 MP: 3/3
  1162 | D:2      | Found a hide-covered altar of Uskayaw.
  1163 | D:2      | Found a burning altar of Makhleb.
  1217 | D:2      | Found a bloodstained altar of Trog.
  1371 | D:2      | Reached XP level 4. HP: 29/29 MP: 4/4
  1386 | D:2      | You fall into a shaft and drop 1 floor!
  1710 | D:3      | Reached XP level 5. HP: 28/33 MP: 5/5
  2472 | D:4      | Found a runed translucent gate.
  2472 | D:4      | Noticed a sky beast
  2473 | D:4      | Found a runed translucent gate.
  2473 | D:4      | Found an opulent altar of Gozag.
  2474 | D:4      | Found a runed translucent gate.
  2482 | D:4      | Noticed SuperHippies's ghost (amateur HaSk)
  2822 | D:5      | Entered Level 5 of the Dungeon
  2827 | D:5      | Noticed an ice beast
  2838 | D:5      | Reached XP level 6. HP: 23/39 MP: 6/6
  2842 | D:5      | HP: 1/39 [quasit (1)]
  2842 | D:5      | Slain by a quasit

Levels and vault maps discovered:
D:1:      dpeg_arrival_tiny_d, layout_basic
D:2:      layout_loops_ring, chequers_temple_overflow_statue_of_worship,
          lemuel_altar_in_water
D:3:      layout_loops_ring
D:4:      layout_rooms, ebering_ghost_gozag, first_ration
D:5:      layout_basic, nicolae_overflow_hidden_temple, portal_sewer_entry_d

Skill      XL: |  1  2  3  4  5 |
---------------+----------------+-----
Axes           | 2 3 |  3.1
Fighting       | 4 |  4.6
Armour         | 4 |  4.6
Shields        | 4 |  4.6

Action                   |  1- 3 |  4- 6 || total
-------------------------+-------+-------++-------
Melee: War axe           |   146 |   148 ||   294
  Use: Scroll            |     7 |     4 ||    11
       Potion            |       |     1 ||     1
  Eat: Chunk             |     2 |     5 ||     7
Armor: Scale mail        |    80 |       ||    80
       Chain mail        |    19 |   165 ||   184
Dodge: Dodged            |    60 |    55 ||   115
Block: Shield            |    79 |   110 ||   189
